Islanders vs Lightning

Created - Sunday, November 16, 2014 at 01:57

Goals
1 2 3 T
Islanders 0 2 1 3
Lightning 1 0 0 1
Shots
1 2 3 T
Islanders 3 15 11 29
Lightning 6 2 8 16

1st period

1. Lightning , Patrick Marleau 8 (Jiri Tlusty) at 0:22

Penalties :
Jake Muzzin (NYI) for Hooking (Minor) at 3:55, Jamie Benn (NYI) for Interference (Minor) at 10:47

2nd period

2. Islanders , Matt Martin 1 (Rob Scuderi) at 8:43
3. Islanders , Jamie Benn 11 (Erik Karlsson, David Krejci) at 9:03

Penalties :
Joel Ward (TB ) for Hooking (Minor) at 1:36, Marc Methot (TB ) for Elbowing (Minor) at 1:53, Dave Bolland (TB ) for Holding (Minor) at 15:16

3rd period

4. Islanders , Colton Sceviour 3 (Travis Hamonic) at 6:24

Penalties :
Jarret Stoll (NYI) for Holding (Minor) at 1:22

Goalie Stats

Braden Holtby (NYI), 15 saves from 16 shots - (0.938), W, 7-8-1, 60:00 minutes
Carey Price (TB ), 26 saves from 29 shots - (0.897), L, 10-3-4, 60:00 minutes

Players Stats for Islanders

Player Name              G  A  P  +/- PIM S  H  SB GA TA FO     MP     PP MP  PK MP  
------------------------------------------------------------------------------------
Carl Hagelin             0  0  0  -1  0   1  2  0  0  0  0/0    16:14   1:50   0:00 
Chris Kunitz             0  0  0  -1  0   3  5  0  3  0  0/1    17:20   2:25   0:47 
Colton Sceviour          1  0  1   1  0   5  2  0  2  1  0/0    11:34   0:00   0:00 
Craig Adams              0  0  0   1  0   0  0  0  0  0  0/0    14:18   0:00   3:46 
David Krejci             0  1  1   1  0   0  1  1  2  0  4/8    16:46   1:50   1:38 
Erik Karlsson            0  1  1   0  0   3  2  2  1  1  0/0    21:25   2:05   0:00 
Jake Muzzin              0  0  0   1  2   0  2  2  1  0  0/0    16:43   2:10   0:00 
Jamie Benn               1  0  1   1  2   3  1  0  3  1  2/2    15:16   2:25   0:00 
Jarret Stoll             0  0  0   1  2   1  0  2  1  1  4/11   14:43   0:00   2:34 
Joe Pavelski             0  0  0  -1  0   2  3  0  2  0  4/9    16:54   2:25   0:21 
Kyle Quincey             0  0  0   1  0   2  5  0  0  0  0/0    19:35   0:00   3:25 
Lauri Korpikoski         0  0  0   1  0   0  2  1  4  0  0/2    13:14   0:00   1:24 
Marcel Goc               0  0  0   1  0   3  1  0  0  0  2/3    11:59   0:00   1:24 
Matt Martin              1  0  1   1  0   1  1  0  2  1  0/1    10:19   0:00   0:00 
Paul Martin              0  0  0   0  0   3  1  0  0  1  0/0    24:22   2:05   3:25 
Rob Scuderi              0  1  1   1  0   0  0  0  0  0  0/0    16:50   0:00   2:32 
Travis Hamonic           0  1  1   1  0   1  1  1  1  1  0/0    21:20   2:10   2:32 
Tyler Ennis              0  0  0   1  0   1  0  0  0  0  0/0    15:08   1:50   0:00 

Players Stats for Lightning

Player Name              G  A  P  +/- PIM S  H  SB GA TA FO     MP     PP MP  PK MP  
------------------------------------------------------------------------------------
Alex Chiasson            0  0  0  -1  0   1  1  0  1  1  0/0    16:24   3:07   0:00 
Brandon Dubinsky         0  0  0   1  0   1  1  0  2  2  4/10   17:55   2:50   1:00 
Dave Bolland             0  0  0  -2  2   0  0  0  0  1  4/9    13:26   0:00   0:00 
Dmitry Kulikov           0  0  0   0  0   1  1  1  0  3  0/0    21:56   2:17   2:55 
Jiri Tlusty              0  1  1   1  0   0  0  2  0  0  2/3    15:50   2:50   0:00 
Joel Ward                0  0  0  -2  2   0  1  0  0  0  0/0    13:16   0:00   0:13 
John Mitchell            0  0  0   0  0   0  0  0  2  0  4/6    11:41   0:00   2:19 
Marc Methot              0  0  0   0  2   0  1  2  0  1  0/0    17:15   0:00   1:20 
Matt Calvert             0  0  0  -2  0   1  0  0  0  0  0/0    13:04   0:00   0:00 
Michael Stone            0  0  0   0  0   0  1  0  0  0  0/0    19:42   2:17   0:00 
Nikolai Kulemin          0  0  0   0  0   0  1  0  0  1  0/0    10:42   0:00   1:20 
Ondrej Palat             0  0  0  -1  0   3  1  0  0  1  0/0    16:24   3:07   0:00 
Patrick Marleau          1  0  1   1  0   4  0  0  2  1  1/1    18:51   2:50   1:56 
Roman Polak              0  0  0   0  0   0  4  1  0  2  0/0    19:31   0:00   1:20 
Ryan Nugent-Hopkins      0  0  0  -1  0   1  3  0  2  1  6/8    16:24   3:07   0:00 
Ryan Suter               0  0  0  -2  0   1  3  3  0  4  0/0    23:00   3:40   2:54 
Shawn Matthias           0  0  0   0  0   2  1  0  1  0  0/0     9:22   0:00   0:00 
Tyson Barrie             0  0  0  -2  0   1  1  1  0  0  0/0    19:17   3:40   0:00 

3 Stars

1 - Colton Sceviour (NYI)
2 - Matt Martin (NYI)
3 - Patrick Marleau (TB )

Power Play

Islanders - 0 on 3 Attempt(s) - 0.00%
Lightning - 0 on 3 Attempt(s) - 0.00%

Penalty Kill

Islanders - 3 on 3 Attempt(s) - 100.00% - Score 0 goal in Penalty Kill
Lightning - 3 on 3 Attempt(s) - 100.00% - Score 0 goal in Penalty Kill

Official

Referees : Unknown
Linesman : Unknown

Game Notes

No Game Note

Finance

Level 1 -- Attendance: 6000 (100.00%) -- Ticket Income $450,000
Level 2 -- Attendance: 5000 (100.00%) -- Ticket Income $250,000
Level 3 -- Attendance: 1996 (99.80%) -- Ticket Income $59,880
Level 4 -- Attendance: 3906 (97.65%) -- Ticket Income $58,590
Luxury Box -- Attendance: 1000 (100.00%) -- Ticket Income $175,000
Game was played at the St. Pete Times Forum
Total Attendance: 17902 (99.46%)
Total Ticket Income: $993,470
Other Income: $486,800
Total Income: $1,480,270

Islanders

5 vs 5 Forward 
   Center                   Left Wing                Right Wing               Time % Phy DF OF 
 1 Joe Pavelski             Chris Kunitz             Carl Hagelin             30     1   2  2  
 2 David Krejci             Jamie Benn               Tyler Ennis              28     1   2  2  
 3 Jarret Stoll             Lauri Korpikoski         Colton Sceviour          25     1   2  2  
 4 Marcel Goc               Craig Adams              Matt Martin              17     1   2  2  

5 vs 5 Defense 
   Defense                  Defense                                           Time % Phy DF OF 
 1 Erik Karlsson            Paul Martin                                       37     1   3  1  
 2 Travis Hamonic           Kyle Quincey                                      32     1   3  1  
 3 Jake Muzzin              Rob Scuderi                                       28     1   3  1  
 4 Travis Hamonic           Erik Karlsson                                     3      1   3  1  

PowerPlay Forward 
   Center                   Left Wing                Right Wing               Time % Phy DF OF 
 1 Joe Pavelski             Chris Kunitz             Jamie Benn               60     1   2  2  
 2 David Krejci             Tyler Ennis              Carl Hagelin             40     1   2  2  

PowerPlay Defense
   Defense                  Defense                                           Time % Phy DF OF 
 1 Erik Karlsson            Paul Martin                                       60     1   2  2  
 2 Travis Hamonic           Jake Muzzin                                       40     1   2  2  

Penalty Kill 4 Players Forward 
   Center                   Wing                     Time % Phy DF OF 
 1 Jarret Stoll             Craig Adams              60     1   2  2  
 2 Marcel Goc               Lauri Korpikoski         40     1   2  2  

Penalty Kill 4 Players Defense
   Defense                  Defense                  Time % Phy DF OF 
 1 Travis Hamonic           Rob Scuderi              60     1   2  2  
 2 Kyle Quincey             Paul Martin              40     1   2  2  

Penalty Kill - 3 Players Forward 
   Forward                                           Time % Phy DF OF 
 1 Jarret Stoll                                      60     1   2  2  
 2 Marcel Goc                                        40     1   2  2  

Penalty Kill - 3 Players Defense
   Defense                  Defense                  Time % Phy DF OF 
 1 Travis Hamonic           Rob Scuderi              60     1   2  2  
 2 Kyle Quincey             Paul Martin              40     1   2  2  

4 vs 4 Forward 
   Center                   Wing                     Time % Phy DF OF 
 1 Joe Pavelski             Jamie Benn               60     1   2  2  
 2 David Krejci             Chris Kunitz             40     1   2  2  

4 vs 4 Defense
   Defense                  Defense                  Time % Phy DF OF 
 1 Erik Karlsson            Paul Martin              60     1   2  2  
 2 Travis Hamonic           Kyle Quincey             40     1   2  2  

Last Minutes Offensive
   Center                   Left Wing                Right Wing               Defense                  Defense                  
   Joe Pavelski             Chris Kunitz             Jamie Benn               Erik Karlsson            Paul Martin              

Last Minutes Defensive
   Center                   Left Wing                Right Wing               Defense                  Defense                  
   Jarret Stoll             Marcel Goc               Craig Adams              Travis Hamonic           Paul Martin              

Goaltenders
Starting : Braden Holtby            
Backup : Curtis McElhinney        

Extra Forwards
Normal : Joe Pavelski, Chris Kunitz, Jamie Benn - PP : Joe Pavelski, Chris Kunitz - PK : Jarret Stoll
Extra Defensemen
Normal : Paul Martin, Travis Hamonic, Erik Karlsson - PP : Erik Karlsson - PK : Paul Martin, Travis Hamonic
Penalty Shots
Jarret Stoll, Chris Kunitz, Joe Pavelski, Tyler Ennis, Kyle Quincey

Lightning

5 vs 5 Forward 
   Center                   Left Wing                Right Wing               Time % Phy DF OF 
 1 Brandon Dubinsky         Patrick Marleau          Jiri Tlusty              30     1   2  2  
 2 Ryan Nugent-Hopkins      Ondrej Palat             Alex Chiasson            30     0   2  3  
 3 Dave Bolland             Matt Calvert             Joel Ward                25     1   2  2  
 4 John Mitchell            Shawn Matthias           Nikolai Kulemin          15     1   3  1  

5 vs 5 Defense 
   Defense                  Defense                                           Time % Phy DF OF 
 1 Ryan Suter               Tyson Barrie                                      34     1   2  2  
 2 Marc Methot              Dmitry Kulikov                                    33     1   2  2  
 3 Roman Polak              Michael Stone                                     33     1   2  2  
 4 Ryan Suter               Tyson Barrie                                      0      1   2  2  

PowerPlay Forward 
   Center                   Left Wing                Right Wing               Time % Phy DF OF 
 1 Brandon Dubinsky         Patrick Marleau          Jiri Tlusty              50     0   1  4  
 2 Ryan Nugent-Hopkins      Ondrej Palat             Alex Chiasson            50     0   1  4  

PowerPlay Defense
   Defense                  Defense                                           Time % Phy DF OF 
 1 Ryan Suter               Tyson Barrie                                      60     1   2  2  
 2 Michael Stone            Dmitry Kulikov                                    40     1   2  2  

Penalty Kill 4 Players Forward 
   Center                   Wing                     Time % Phy DF OF 
 1 John Mitchell            Nikolai Kulemin          50     1   4  0  
 2 Brandon Dubinsky         Patrick Marleau          50     1   4  0  

Penalty Kill 4 Players Defense
   Defense                  Defense                  Time % Phy DF OF 
 1 Marc Methot              Dmitry Kulikov           50     1   4  0  
 2 Ryan Suter               Roman Polak              50     1   4  0  

Penalty Kill - 3 Players Forward 
   Forward                                           Time % Phy DF OF 
 1 Patrick Marleau                                   50     1   4  0  
 2 John Mitchell                                     50     1   4  0  

Penalty Kill - 3 Players Defense
   Defense                  Defense                  Time % Phy DF OF 
 1 Marc Methot              Dmitry Kulikov           50     1   4  0  
 2 Ryan Suter               Roman Polak              50     1   4  0  

4 vs 4 Forward 
   Center                   Wing                     Time % Phy DF OF 
 1 Brandon Dubinsky         Patrick Marleau          50     0   2  3  
 2 Ryan Nugent-Hopkins      Ondrej Palat             50     0   2  3  

4 vs 4 Defense
   Defense                  Defense                  Time % Phy DF OF 
 1 Ryan Suter               Tyson Barrie             60     1   2  2  
 2 Michael Stone            Dmitry Kulikov           40     1   2  2  

Last Minutes Offensive
   Center                   Left Wing                Right Wing               Defense                  Defense                  
   Brandon Dubinsky         Patrick Marleau          Joel Ward                Ryan Suter               Tyson Barrie             

Last Minutes Defensive
   Center                   Left Wing                Right Wing               Defense                  Defense                  
   Brandon Dubinsky         Patrick Marleau          Nikolai Kulemin          Ryan Suter               Marc Methot              

Goaltenders
Starting : Carey Price              
Backup : Ben Scrivens             

Extra Forwards
Normal : Ondrej Palat, Patrick Marleau, Brandon Dubinsky - PP : Ondrej Palat, Patrick Marleau - PK : Nikolai Kulemin
Extra Defensemen
Normal : Ryan Suter, Marc Methot, Dmitry Kulikov - PP : Ryan Suter - PK : Ryan Suter, Marc Methot
Penalty Shots
Patrick Marleau, Nikolai Kulemin, Dave Bolland, Joel Ward, Ondrej Palat

% Time on Ice - Islanders

Lines # - Real PCT - Wanted PCT - Time Play
Normal Forward
1 - 29% - 30% - 14:21
2 - 27% - 28% - 13:34
3 - 23% - 25% - 11:34
4 - 21% - 17% - 10:19
Normal Defense
1 - 35% - 37% - 17:31
2 - 32% - 32% - 16:10
3 - 29% - 28% - 14:18
4 - 4% - 3% - 1:49
PP Forward
1 - 57% - 60% - 2:25
2 - 43% - 40% - 1:50
PP Defense
1 - 49% - 60% - 2:05
2 - 51% - 40% - 2:10
PK Forward
1 - 76% - 60% - 4:33
2 - 24% - 40% - 1:24
PK Defense
1 - 43% - 60% - 2:32
2 - 57% - 40% - 3:25
PK3 Forward
1 - 0% - 60%
2 - 0% - 40%
PK3 Defense
1 - 0% - 60%
2 - 0% - 40%
44 Forward
1 - 0% - 60%
2 - 0% - 40%
44 Defense
1 - 0% - 60%
2 - 0% - 40%
Last Minute Offensive  - 0:00
Last Minute Defensive  - 0:00
Total
Forward - 60:00
Defense - 60:00

% Time on Ice - Lightning

Lines # - Real PCT - Wanted PCT - Time Play
Normal Forward
1 - 26% - 30% - 13:00
2 - 29% - 30% - 14:22
3 - 26% - 25% - 13:04
4 - 19% - 15% - 9:22
Normal Defense
1 - 31% - 34% - 15:37
2 - 35% - 33% - 17:33
3 - 33% - 33% - 16:38
4 - 0% - 0% - 0:00
PP Forward
1 - 48% - 50% - 2:50
2 - 52% - 50% - 3:07
PP Defense
1 - 62% - 60% - 3:40
2 - 38% - 40% - 2:17
PK Forward
1 - 52% - 50% - 1:20
2 - 48% - 50% - 1:13
PK Defense
1 - 53% - 50% - 1:21
2 - 47% - 50% - 1:12
PK3 Forward
1 - 55% - 50% - 0:56
2 - 45% - 50% - 0:46
PK3 Defense
1 - 92% - 50% - 1:34
2 - 8% - 50% - 0:08
44 Forward
1 - 0% - 50%
2 - 0% - 50%
44 Defense
1 - 0% - 60%
2 - 0% - 40%
Last Minute Offensive  - 0:00
Last Minute Defensive  - 0:00
Total
Forward - 60:00
Defense - 60:00

Play by Play

1st period


0:01 of 1st period - Joe Pavelski wins face-off versus Jiri Tlusty in neutral zone.
0:22 of 1st period - Snap shot by Patrick Marleau.
0:22 of 1st period - Goal by Patrick Marleau - Islanders : 0 - Lightning : 1.
0:23 of 1st period - David Krejci wins face-off versus Ryan Nugent-Hopkins in neutral zone.
0:38 of 1st period - Snap shot by Jamie Benn.
0:38 of 1st period - Shot Misses the Net.
1:26 of 1st period - Snap shot by Joel Ward.
1:26 of 1st period - Shot Misses the Net.
2:21 of 1st period - Marcel Goc is hit by Michael Stone and loses puck.
3:26 of 1st period - Chris Kunitz is hit by Alex Chiasson and loses puck.
3:55 of 1st period - Minor Penalty to Jake Muzzin for Hooking.
3:56 of 1st period - Jarret Stoll wins face-off versus Brandon Dubinsky in Islanders zone.
4:38 of 1st period - Craig Adams is hit by Ryan Nugent-Hopkins and loses puck.
4:51 of 1st period - Rob Scuderi is hit by Ryan Nugent-Hopkins and loses puck.
5:10 of 1st period - Wrist shot by Patrick Marleau.
5:10 of 1st period - Stopped by Braden Holtby with a rebound.
5:12 of 1st period - Slapshot by Ryan Suter.
5:12 of 1st period - Stopped by Braden Holtby without a rebound.
5:13 of 1st period - Brandon Dubinsky wins face-off versus Jarret Stoll in Islanders zone.
5:55 of 1st period - Penalty to Jake Muzzin is over, Jake Muzzin is back on ice.
5:56 of 1st period - Paul Martin is hit by Ryan Nugent-Hopkins and loses puck.
6:27 of 1st period - Dave Bolland is hit by Chris Kunitz and loses puck.
6:42 of 1st period - Marc Methot is hit by Joe Pavelski and loses puck.
7:31 of 1st period - Dmitry Kulikov is hit by David Krejci and loses puck.
7:52 of 1st period - Wrist shot by John Mitchell.
7:52 of 1st period - Shot Misses the Net.
8:00 of 1st period - Snap shot by Tyson Barrie.
8:00 of 1st period - Stopped by Braden Holtby without a rebound.
8:01 of 1st period - John Mitchell wins face-off versus Joe Pavelski in Islanders zone.
8:12 of 1st period - Chris Kunitz is hit by Tyson Barrie and loses puck.
8:45 of 1st period - Brandon Dubinsky is hit by Erik Karlsson and loses puck.
8:56 of 1st period - Wrist shot by Marcel Goc.
8:56 of 1st period - Stopped by Carey Price with a rebound.
8:58 of 1st period - Snap shot by Craig Adams.
8:58 of 1st period - Shot Misses the Net.
9:08 of 1st period - Slapshot by Matt Martin.
9:08 of 1st period - Shot Blocked by Roman Polak.
9:46 of 1st period - Snap shot by Ondrej Palat.
9:46 of 1st period - Shot Misses the Net.
9:48 of 1st period - Snap shot by Ryan Suter.
9:48 of 1st period - Shot Blocked by Jake Muzzin.
9:50 of 1st period - Wrist shot by Ondrej Palat.
9:50 of 1st period - Stopped by Braden Holtby with a rebound.
10:15 of 1st period - Snap shot by Shawn Matthias.
10:15 of 1st period - Stopped by Braden Holtby with a rebound.
10:17 of 1st period - Slapshot by Dmitry Kulikov.
10:17 of 1st period - Shot Blocked by David Krejci.
10:47 of 1st period - Minor Penalty to Jamie Benn for Interference.
10:48 of 1st period - Ryan Nugent-Hopkins wins face-off versus Jarret Stoll in Islanders zone.
10:58 of 1st period - Icing by Ryan Suter.
10:59 of 1st period - Ryan Nugent-Hopkins wins face-off versus Jarret Stoll in Lightning zone.
11:26 of 1st period - Ryan Suter is hit by Kyle Quincey and loses puck.
11:52 of 1st period - Lauri Korpikoski is hit by Ryan Suter and loses puck.
12:40 of 1st period - Patrick Marleau is hit by Kyle Quincey and loses puck.
12:47 of 1st period - Penalty to Jamie Benn is over, Jamie Benn is back on ice.
14:17 of 1st period - Rob Scuderi is hit by Shawn Matthias.
15:34 of 1st period - Slapshot by Jarret Stoll.
15:34 of 1st period - Shot Misses the Net.
15:40 of 1st period - Snap shot by Colton Sceviour.
15:40 of 1st period - Shot Misses the Net.
16:18 of 1st period - Dmitry Kulikov is hit by Marcel Goc and loses puck.
17:05 of 1st period - Wrist shot by Lauri Korpikoski.
17:05 of 1st period - Shot Blocked by Jiri Tlusty.
17:07 of 1st period - Slapshot by Travis Hamonic.
17:07 of 1st period - Stopped by Carey Price with a rebound.
17:09 of 1st period - Snap shot by Lauri Korpikoski.
17:09 of 1st period - Shot Blocked by Marc Methot.
17:11 of 1st period - Wrist shot by Jarret Stoll.
17:11 of 1st period - Stopped by Carey Price without a rebound.
17:12 of 1st period - Dave Bolland wins face-off versus Lauri Korpikoski in Lightning zone.
17:12 of 1st period - Dave Bolland is hit by Colton Sceviour.
17:17 of 1st period - Tyson Barrie is hit by Kyle Quincey and loses puck.
17:32 of 1st period - Wrist shot by Joel Ward.
17:32 of 1st period - Shot Blocked by Jake Muzzin.
18:13 of 1st period - Carl Hagelin is hit by Ondrej Palat.
19:14 of 1st period - Kyle Quincey is hit by Joel Ward and loses puck.
Goals for this period are 0 for Islanders vs 1 for Lightning.
Shots for this period are 3 for Islanders vs 6 for Lightning.

2nd period


0:01 of 2nd period - Jarret Stoll wins face-off versus Brandon Dubinsky in neutral zone.
0:06 of 2nd period - Slapshot by Erik Karlsson.
0:06 of 2nd period - Stopped by Carey Price with a rebound.
0:08 of 2nd period - Wrist shot by Jarret Stoll.
0:08 of 2nd period - Deflect By Colton Sceviour.
0:08 of 2nd period - Stopped by Carey Price with a rebound.
0:16 of 2nd period - Snap shot by Erik Karlsson.
0:16 of 2nd period - Deflect By Brandon Dubinsky.
0:16 of 2nd period - Stopped by Carey Price with a rebound.
0:18 of 2nd period - Slapshot by Paul Martin.
0:18 of 2nd period - Stopped by Carey Price without a rebound.
0:19 of 2nd period - Jarret Stoll wins face-off versus Brandon Dubinsky in Lightning zone.
0:20 of 2nd period - Slapshot by Erik Karlsson.
0:20 of 2nd period - Deflect By Colton Sceviour.
0:20 of 2nd period - Stopped by Carey Price with a rebound.
0:22 of 2nd period - Slapshot by Paul Martin.
0:22 of 2nd period - Shot Blocked by Jiri Tlusty.
0:24 of 2nd period - Slapshot by Paul Martin.
0:24 of 2nd period - Shot Misses the Net.
1:11 of 2nd period - Ondrej Palat is hit by Chris Kunitz and loses puck.
1:30 of 2nd period - Wrist shot by Ondrej Palat.
1:30 of 2nd period - Stopped by Braden Holtby without a rebound.
1:31 of 2nd period - Jamie Benn wins face-off versus Dave Bolland in Islanders zone.
1:31 of 2nd period - Jamie Benn is hit by Marc Methot.
1:36 of 2nd period - Minor Penalty to Joel Ward for Hooking.
1:37 of 2nd period - Jamie Benn wins face-off versus John Mitchell in Lightning zone.
1:53 of 2nd period - Minor Penalty to Marc Methot for Elbowing.
1:54 of 2nd period - Patrick Marleau wins face-off versus Joe Pavelski in Lightning zone.
1:54 of 2nd period - Patrick Marleau is hit by Joe Pavelski.
3:17 of 2nd period - Patrick Marleau is hit by Jake Muzzin and loses puck.
3:36 of 2nd period - Penalty to Joel Ward is over, Joel Ward is back on ice.
3:36 of 2nd period - Roman Polak is hit by Jake Muzzin and loses puck.
3:53 of 2nd period - Penalty to Marc Methot is over, Marc Methot is back on ice.
4:05 of 2nd period - Carl Hagelin is hit by Brandon Dubinsky.
4:45 of 2nd period - Roman Polak is hit by Kyle Quincey and loses puck.
5:36 of 2nd period - Slapshot by Marcel Goc.
5:36 of 2nd period - Shot Misses the Net.
5:40 of 2nd period - Slapshot by Jake Muzzin.
5:40 of 2nd period - Shot Blocked by Dmitry Kulikov.
5:57 of 2nd period - Dmitry Kulikov is hit by Chris Kunitz and loses puck.
6:32 of 2nd period - Jamie Benn is hit by Roman Polak and loses puck.
6:41 of 2nd period - Paul Martin is hit by Nikolai Kulemin and loses puck.
7:08 of 2nd period - Ondrej Palat is hit by Matt Martin.
7:23 of 2nd period - Dmitry Kulikov is hit by Lauri Korpikoski and loses puck.
7:49 of 2nd period - Icing by Travis Hamonic.
7:50 of 2nd period - Joe Pavelski wins face-off versus Brandon Dubinsky in Islanders zone.
8:03 of 2nd period - Wrist shot by Chris Kunitz.
8:03 of 2nd period - Deflect By Joe Pavelski.
8:03 of 2nd period - Shot Misses the Net.
8:03 of 2nd period - Puck is out of play.
8:04 of 2nd period - Brandon Dubinsky wins face-off versus Lauri Korpikoski in Lightning zone.
8:43 of 2nd period - Wrist shot by Matt Martin.
8:43 of 2nd period - Goal by Matt Martin - Islanders : 1 - Lightning : 1.
8:44 of 2nd period - David Krejci wins face-off versus Dave Bolland in neutral zone.
9:01 of 2nd period - Slapshot by Erik Karlsson.
9:01 of 2nd period - Shot Blocked by Tyson Barrie.
9:03 of 2nd period - Wrist shot by Jamie Benn.
9:03 of 2nd period - Goal by Jamie Benn - Islanders : 2 - Lightning : 1.
9:04 of 2nd period - Brandon Dubinsky wins face-off versus Jarret Stoll in neutral zone.
9:19 of 2nd period - Slapshot by Brandon Dubinsky.
9:19 of 2nd period - Shot Misses the Net.
9:21 of 2nd period - Slapshot by Dmitry Kulikov.
9:21 of 2nd period - Shot Misses the Net.
10:00 of 2nd period - Ryan Nugent-Hopkins is hit by Chris Kunitz and loses puck.
11:35 of 2nd period - Wrist shot by John Mitchell.
11:35 of 2nd period - Shot Misses the Net.
12:39 of 2nd period - Snap shot by Chris Kunitz.
12:39 of 2nd period - Stopped by Carey Price without a rebound.
12:40 of 2nd period - Ryan Nugent-Hopkins wins face-off versus Joe Pavelski in Lightning zone.
12:53 of 2nd period - Ryan Nugent-Hopkins is hit by Carl Hagelin and loses puck.
13:16 of 2nd period - Joe Pavelski is hit by Roman Polak.
13:20 of 2nd period - Ryan Nugent-Hopkins is hit by Carl Hagelin and loses puck.
13:37 of 2nd period - Snap shot by Brandon Dubinsky.
13:37 of 2nd period - Stopped by Braden Holtby with a rebound.
13:39 of 2nd period - Slapshot by Patrick Marleau.
13:39 of 2nd period - Shot Misses the Net.
13:59 of 2nd period - Ryan Suter is hit by Kyle Quincey and loses puck.
14:23 of 2nd period - Snap shot by Erik Karlsson.
14:23 of 2nd period - Deflect By Joel Ward.
14:23 of 2nd period - Stopped by Carey Price without a rebound.
14:24 of 2nd period - Marcel Goc wins face-off versus Dave Bolland in Lightning zone.
14:31 of 2nd period - Slapshot by Erik Karlsson.
14:31 of 2nd period - Shot Misses the Net.
14:33 of 2nd period - Slapshot by Paul Martin.
14:33 of 2nd period - Deflect By Joel Ward.
14:33 of 2nd period - Stopped by Carey Price without a rebound.
14:34 of 2nd period - Dave Bolland wins face-off versus Matt Martin in Lightning zone.
14:56 of 2nd period - Slapshot by Marcel Goc.
14:56 of 2nd period - Stopped by Carey Price with a rebound.
14:58 of 2nd period - Slapshot by Paul Martin.
14:58 of 2nd period - Stopped by Carey Price with a rebound.
15:00 of 2nd period - Slapshot by Paul Martin.
15:00 of 2nd period - Shot Blocked by Ryan Suter.
15:02 of 2nd period - Snap shot by Marcel Goc.
15:02 of 2nd period - Shot Blocked by Ryan Suter.
15:16 of 2nd period - Minor Penalty to Dave Bolland for Holding.
15:17 of 2nd period - John Mitchell wins face-off versus Chris Kunitz in Lightning zone.
16:18 of 2nd period - Snap shot by Tyler Ennis.
16:18 of 2nd period - Stopped by Carey Price with a rebound.
16:20 of 2nd period - Snap shot by Carl Hagelin.
16:20 of 2nd period - Stopped by Carey Price without a rebound.
16:21 of 2nd period - John Mitchell wins face-off versus David Krejci in Lightning zone.
17:16 of 2nd period - Penalty to Dave Bolland is over, Dave Bolland is back on ice.
17:30 of 2nd period - Erik Karlsson is hit by Roman Polak and loses puck.
17:45 of 2nd period - Roman Polak is hit by Lauri Korpikoski and loses puck.
17:58 of 2nd period - Erik Karlsson is hit by Ryan Suter and loses puck.
18:12 of 2nd period - Dmitry Kulikov is hit by Colton Sceviour and loses puck.
19:29 of 2nd period - Dmitry Kulikov is hit by Joe Pavelski and loses puck.
19:51 of 2nd period - Snap shot by Jamie Benn.
19:51 of 2nd period - Stopped by Carey Price with a rebound.
Goals for this period are 2 for Islanders vs 0 for Lightning.
Shots for this period are 15 for Islanders vs 2 for Lightning.

3rd period


0:01 of 3rd period - Jiri Tlusty wins face-off versus Joe Pavelski in neutral zone.
0:27 of 3rd period - Slapshot by Chris Kunitz.
0:27 of 3rd period - Stopped by Carey Price with a rebound.
1:15 of 3rd period - Snap shot by Ondrej Palat.
1:15 of 3rd period - Shot Blocked by Jarret Stoll.
1:17 of 3rd period - Slapshot by Ryan Nugent-Hopkins.
1:17 of 3rd period - Shot Blocked by Jarret Stoll.
1:22 of 3rd period - Minor Penalty to Jarret Stoll for Holding.
1:23 of 3rd period - David Krejci wins face-off versus Brandon Dubinsky in Islanders zone.
2:05 of 3rd period - Icing by Tyson Barrie.
2:06 of 3rd period - Ryan Nugent-Hopkins wins face-off versus David Krejci in Lightning zone.
2:42 of 3rd period - Slapshot by David Krejci.
2:42 of 3rd period - Shot Misses the Net.
2:48 of 3rd period - Travis Hamonic is hit by Ryan Suter and loses puck.
3:22 of 3rd period - Penalty to Jarret Stoll is over, Jarret Stoll is back on ice.
4:21 of 3rd period - Snap shot by Matt Calvert.
4:21 of 3rd period - Stopped by Braden Holtby with a rebound.
4:50 of 3rd period - Matt Calvert is hit by Jamie Benn and loses puck.
5:50 of 3rd period - Snap shot by Marcel Goc.
5:50 of 3rd period - Stopped by Carey Price with a rebound.
6:18 of 3rd period - Wrist shot by Ryan Nugent-Hopkins.
6:18 of 3rd period - Shot Blocked by Lauri Korpikoski.
6:24 of 3rd period - Wrist shot by Colton Sceviour.
6:24 of 3rd period - Goal by Colton Sceviour - Islanders : 3 - Lightning : 1.
6:25 of 3rd period - Dave Bolland wins face-off versus David Krejci in neutral zone.
6:50 of 3rd period - Slapshot by Jamie Benn.
6:50 of 3rd period - Stopped by Carey Price without a rebound.
6:51 of 3rd period - Ryan Nugent-Hopkins wins face-off versus Jarret Stoll in Lightning zone.
6:56 of 3rd period - Alex Chiasson is hit by Travis Hamonic and loses puck.
7:43 of 3rd period - Roman Polak is hit by Chris Kunitz and loses puck.
7:50 of 3rd period - Snap shot by Joe Pavelski.
7:50 of 3rd period - Shot Hit the Post.
8:31 of 3rd period - Marcel Goc is hit by Roman Polak.
9:47 of 3rd period - Slapshot by Lauri Korpikoski.
9:47 of 3rd period - Shot Misses the Net.
9:49 of 3rd period - Slapshot by Kyle Quincey.
9:49 of 3rd period - Stopped by Carey Price with a rebound.
10:05 of 3rd period - Snap shot by Jarret Stoll.
10:05 of 3rd period - Deflect By Colton Sceviour.
10:05 of 3rd period - Stopped by Carey Price without a rebound.
10:06 of 3rd period - Joe Pavelski wins face-off versus Brandon Dubinsky in Lightning zone.
10:07 of 3rd period - Snap shot by Chris Kunitz.
10:07 of 3rd period - Stopped by Carey Price with a rebound.
10:38 of 3rd period - Wrist shot by Joe Pavelski.
10:38 of 3rd period - Stopped by Carey Price without a rebound.
10:39 of 3rd period - Dave Bolland wins face-off versus Marcel Goc in Lightning zone.
10:39 of 3rd period - Dave Bolland is hit by Paul Martin.
11:53 of 3rd period - Jamie Benn is hit by Dmitry Kulikov and loses puck.
11:58 of 3rd period - Slapshot by Ryan Nugent-Hopkins.
11:58 of 3rd period - Stopped by Braden Holtby with a rebound.
12:18 of 3rd period - Snap shot by Patrick Marleau.
12:18 of 3rd period - Stopped by Braden Holtby with a rebound.
12:20 of 3rd period - Snap shot by Ryan Suter.
12:20 of 3rd period - Deflect By Jiri Tlusty.
12:20 of 3rd period - Shot Misses the Net.
12:20 of 3rd period - Puck is out of play.
12:21 of 3rd period - Jiri Tlusty wins face-off versus Jarret Stoll in Islanders zone.
12:40 of 3rd period - Slapshot by Patrick Marleau.
12:40 of 3rd period - Stopped by Braden Holtby without a rebound.
12:41 of 3rd period - Jarret Stoll wins face-off versus Dave Bolland in Islanders zone.
12:54 of 3rd period - Snap shot by Joel Ward.
12:54 of 3rd period - Shot Misses the Net.
12:56 of 3rd period - Backhand shot by Ryan Suter.
12:56 of 3rd period - Deflect By Dave Bolland.
12:56 of 3rd period - Shot Misses the Net.
12:56 of 3rd period - Puck is out of play.
12:57 of 3rd period - Joe Pavelski wins face-off versus Dave Bolland in Islanders zone.
13:16 of 3rd period - Wrist shot by Joel Ward.
13:16 of 3rd period - Shot Misses the Net.
13:18 of 3rd period - Slapshot by Dmitry Kulikov.
13:18 of 3rd period - Stopped by Braden Holtby with a rebound.
13:20 of 3rd period - Slapshot by Marc Methot.
13:20 of 3rd period - Shot Misses the Net.
13:22 of 3rd period - Slapshot by Dmitry Kulikov.
13:22 of 3rd period - Shot Hit the Post.
13:24 of 3rd period - Wrist shot by Matt Calvert.
13:24 of 3rd period - Shot Misses the Net.
13:26 of 3rd period - Slapshot by Matt Calvert.
13:26 of 3rd period - Shot Misses the Net.
13:51 of 3rd period - Dmitry Kulikov is hit by Erik Karlsson and loses puck.
14:32 of 3rd period - Slapshot by Lauri Korpikoski.
14:32 of 3rd period - Shot Hit the Post.
14:56 of 3rd period - Slapshot by Colton Sceviour.
14:56 of 3rd period - Stopped by Carey Price with a rebound.
14:58 of 3rd period - Wrist shot by Jarret Stoll.
14:58 of 3rd period - Shot Blocked by Ryan Suter.
15:06 of 3rd period - Snap shot by Ondrej Palat.
15:06 of 3rd period - Stopped by Braden Holtby with a rebound.
15:08 of 3rd period - Snap shot by Alex Chiasson.
15:08 of 3rd period - Stopped by Braden Holtby without a rebound.
15:09 of 3rd period - Marcel Goc wins face-off versus John Mitchell in Islanders zone.
15:46 of 3rd period - Slapshot by Shawn Matthias.
15:46 of 3rd period - Stopped by Braden Holtby without a rebound.
15:47 of 3rd period - Ryan Nugent-Hopkins wins face-off versus David Krejci in Islanders zone.
15:52 of 3rd period - Slapshot by Alex Chiasson.
15:52 of 3rd period - Shot Hit the Post.
16:20 of 3rd period - Snap shot by Ryan Nugent-Hopkins.
16:20 of 3rd period - Shot Blocked by Erik Karlsson.
16:51 of 3rd period - Snap shot by Dave Bolland.
16:51 of 3rd period - Deflect By Joel Ward.
16:51 of 3rd period - Shot Blocked by Erik Karlsson.
16:51 of 3rd period - Puck is out of play.
16:52 of 3rd period - John Mitchell wins face-off versus Joe Pavelski in Islanders zone.
16:55 of 3rd period - Slapshot by Nikolai Kulemin.
16:55 of 3rd period - Shot Blocked by Travis Hamonic.
17:17 of 3rd period - Snap shot by Joe Pavelski.
17:17 of 3rd period - Stopped by Carey Price without a rebound.
17:18 of 3rd period - Brandon Dubinsky wins face-off versus Jarret Stoll in Lightning zone.
17:29 of 3rd period - Slapshot by Jake Muzzin.
17:29 of 3rd period - Shot Misses the Net.
18:23 of 3rd period - Slapshot by Kyle Quincey.
18:23 of 3rd period - Shot Blocked by Marc Methot.
18:25 of 3rd period - Slapshot by Kyle Quincey.
18:25 of 3rd period - Stopped by Carey Price without a rebound.
18:26 of 3rd period - David Krejci wins face-off versus Ryan Nugent-Hopkins in Lightning zone.
Goals for this period are 1 for Islanders vs 0 for Lightning.
Shots for this period are 11 for Islanders vs 8 for Lightning.


Output by the SimonT Hockey Simulator (STHS) for Eric Dolegowski -- Original Page W3C XHTML 1.0 Valid
Hockey Simulator - Hockey Simulation - Hockey Manager